[Event "Czech open A"]
[Site "?"]
[Date "2013.07.22"]
[Round "4.65"]
[White "Kanovsky, David"]
[Black "Mueer, Sebastian"]
[Result "1/2-1/2"]
[ECO "A35"]
[WhiteElo "2389"]
[BlackElo "2202"]
[PlyCount "100"]
[EventDate "2013.??.??"]
[TimeControl "6000+1195"]
[WhiteClock "0:11:57"]
[BlackClock "0:08:31"]

1. c4 c5 2. Nc3 Nc6 3. Nf3 e5 4. a3 f5 5. d3 Nf6 6. g3 d6 7. Bg2 Be7 8. b4 cxb4
9. axb4 Nxb4 10. O-O Nc6 11. Qb3 Nd7 12. Ba3 Nc5 13. Qc2 O-O 14. e3 Bf6 15. Nd5
e4 16. Nxf6+ Qxf6 17. dxe4 fxe4 18. Nd2 Bf5 19. Bxc5 dxc5 20. Bxe4 Nb4 21. Qb1
Bh3 22. Bg2 Bxg2 23. Kxg2 Rad8 24. Nb3 Qf3+ 25. Kg1 Nd3 26. Ra2 Ne5 27. Nxc5
Qc6 28. Ne4 Nf3+ 29. Kg2 Rde8 30. Rxa7 Rxe4 31. Qxb7 Qxb7 32. Rxb7 Rxc4 33. Rd1
Ne5 34. Rd2 Rc1 35. Ra2 Rcc8 36. f4 Ng4 37. Kf3 h5 38. Raa7 Ne5+ 39. Kg2 Nf7
40. h4 Rc2+ 41. Kh3 Rc6 42. e4 Rg6 43. Rb5 Nd6 44. Rxh5 Nxe4 45. Ra3 Nf2+ 46.
Kg2 Ng4 47. Kf3 Nh6 48. Rg5 Rxg5 49. hxg5 Nf7 50. Kg4 g6 1/2-1/2

[Event "Czech open A"]
[Site "?"]
[Date "2013.07.22"]
[Round "4.66"]
[White "Triapishko, Olexandr"]
[Black "Nun, Jiri"]
[Result "1-0"]
[ECO "B32"]
[WhiteElo "2221"]
[BlackElo "2387"]
[PlyCount "67"]
[EventDate "2013.??.??"]
[TimeControl "6000+720"]
[WhiteClock "0:21:55"]
[BlackClock "0:19:00"]

1. e4 c5 2. Nf3 Nc6 3. d4 cxd4 4. Nxd4 e5 5. Nb5 d6 6. N1c3 a6 7. Na3 b5 8. Nd5
Nge7 9. c4 b4 10. Nc2 Rb8 11. Bd3 Ng6 12. O-O Be7 13. a3 b3 14. Ncb4 Na5 15.
Nxe7 Nxe7 16. Be3 O-O 17. c5 Nec6 18. Nxa6 Bxa6 19. Bxa6 dxc5 20. Bxc5 Re8 21.
Qxd8 Rexd8 22. Rfd1 Nd4 23. Bxd4 exd4 24. Rac1 Ra8 25. Bd3 Ra7 26. Rc5 Kf8 27.
Rdc1 Ke7 28. f4 g6 29. Kf2 h6 30. Kf3 f6 31. e5 fxe5 32. Rxe5+ Kf6 33. Rcc5 Nb7
34. Rc7 1-0

[Event "Czech open A"]
[Site "?"]
[Date "2013.07.22"]
[Round "4.67"]
[White "Usmanov, Vasily"]
[Black "Bivol, Alina"]
[Result "1-0"]
[ECO "E09"]
[WhiteElo "2386"]
[BlackElo "2207"]
[PlyCount "89"]
[EventDate "2013.??.??"]
[TimeControl "6000+600"]
[WhiteClock "1:00:41"]
[BlackClock "1:07:06"]

1. d4 d5 2. Nf3 Nf6 3. c4 e6 4. g3 Be7 5. Bg2 O-O 6. O-O c6 7. Qc2 Nbd7 8. Nbd2
b6 9. e4 Bb7 10. e5 Ne8 11. cxd5 exd5 12. Re1 c5 13. Nf1 Nc7 14. Ne3 Ne6 15.
Nf5 cxd4 16. N3xd4 Nxd4 17. Nxd4 Bc5 18. e6 fxe6 19. Nxe6 Rxf2 20. Qxc5 Rxg2+
21. Kxg2 d4+ 22. Kg1 Nxc5 23. Nxd8 Rxd8 24. Bg5 Rd5 25. Re8+ Kf7 26. Re7+ Kg6
27. Bd2 a5 28. Rf1 Ba6 29. Rf8 Rd7 30. Re5 h6 31. h4 Kh7 32. h5 Bc4 33. Ree8 g5
34. hxg6+ Kxg6 35. Rh8 Bxa2 36. Rxh6+ Kf7 37. Re5 Be6 38. Bxa5 d3 39. Bd2 Rd6
40. Kf2 Nb3 41. Ke3 Nd4 42. g4 Rd8 43. g5 b5 44. Rf6+ Ke7 45. Bb4+ 1-0

[Event "Czech open A"]
[Site "?"]
[Date "2013.07.22"]
[Round "4.68"]
[White "Gergel, Vladimir"]
[Black "Pasiev, Rakhim"]
[Result "1/2-1/2"]
[ECO "C01"]
[WhiteElo "2229"]
[BlackElo "2384"]
[PlyCount "90"]
[EventDate "2013.??.??"]
[TimeControl "6000+1155"]
[WhiteClock "0:34:40"]
[BlackClock "0:35:48"]

1. d4 e6 2. e4 d5 3. exd5 exd5 4. Bd3 Bd6 5. Ne2 Nc6 6. Nbc3 Nge7 7. Nb5 Bf5 8.
c3 a6 9. Nxd6+ Qxd6 10. Qc2 Bxd3 11. Qxd3 Ng6 12. h4 h5 13. Bg5 Nce7 14. g3 f6
15. Bd2 Qd7 16. O-O-O Qf5 17. Qxf5 Nxf5 18. Nf4 Nxf4 19. Bxf4 Kd7 20. Kd2 a5
21. Kd3 c6 22. a4 g6 23. b3 b6 24. Rhe1 Rhe8 25. c4 Ng7 26. Re3 Rxe3+ 27. Bxe3
Ne6 28. f3 Rf8 29. Rh1 Rf7 30. Rc1 Rh7 31. Rb1 Rh8 32. Rh1 Kd6 33. Kc3 Rc8 34.
Rd1 Re8 35. Re1 Kd7 36. Bf2 g5 37. Rh1 gxh4 38. Rxh4 Ng5 39. Kd3 Nxf3 40. Rxh5
Ng5 41. Be3 Rg8 42. Bxg5 Rxg5 43. Rxg5 fxg5 44. cxd5 cxd5 45. g4 Kc6 1/2-1/2

[Event "Czech open A"]
[Site "?"]
[Date "2013.07.22"]
[Round "4.69"]
[White "Nemcova, Katerina"]
[Black "Pechac, Jergus"]
[Result "0-1"]
[ECO "B32"]
[WhiteElo "2382"]
[BlackElo "2182"]
[PlyCount "110"]
[EventDate "2013.??.??"]
[TimeControl "6000+1215"]
[WhiteClock "0:01:56"]
[BlackClock "0:17:29"]

1. e4 c5 2. Nf3 Nc6 3. d4 cxd4 4. Nxd4 d5 5. exd5 Qxd5 6. Be3 e6 7. Be2 Nf6 8.
O-O Bd7 9. Nc3 Qe5 10. Nf3 Qb8 11. a3 Be7 12. h3 O-O 13. Qd2 Rd8 14. Rad1 e5
15. Qc1 h6 16. Bc4 Qc8 17. Nd5 Nxd5 18. Bxd5 Be6 19. c4 Bf6 20. Be4 Na5 21. c5
Nb3 22. Qc3 Qc7 23. Qb4 Rab8 24. Bc2 a5 25. Qe4 Nxc5 26. Qh7+ Kf8 27. Rc1 b6
28. b4 axb4 29. axb4 Nd7 30. Ba4 Qa7 31. Bc6 Rbc8 32. Rfd1 Nb8 33. Be4 Ke7 34.
Bd3 Nc6 35. Bb5 Rxd1+ 36. Rxd1 g6 37. Bxc6 Rh8 38. Qxh8 Bxh8 39. Bxh6 Qa3 40.
b5 e4 41. Ng5 e3 42. Nh7 exf2+ 43. Kh1 f1=R+ 44. Rxf1 Qd3 45. Rc1 Bb2 46. Re1
Bc3 47. Rc1 f6 48. Nf8 Bf5 49. Bf3 g5 50. Bh5 Be4 51. Ng6+ Bxg6 52. Bxg6 Qxg6
53. Rxc3 Qxh6 54. Rc7+ Kd8 55. Rc6 g4 0-1

[Event "Czech open A"]
[Site "?"]
[Date "2013.07.22"]
[Round "4.70"]
[White "Gallien, Fabian"]
[Black "Seyb, Alexander"]
[Result "1/2-1/2"]
[ECO "B51"]
[WhiteElo "2213"]
[BlackElo "2380"]
[PlyCount "84"]
[EventDate "2013.??.??"]
[TimeControl "6000+2095"]
[WhiteClock "0:07:05"]
[BlackClock "0:12:31"]

1. e4 c5 2. Nf3 d6 3. Bb5+ Nd7 4. d4 Ngf6 5. O-O cxd4 6. Qxd4 g6 7. e5 dxe5 8.
Nxe5 Bg7 9. Nc3 O-O 10. Nxd7 Bxd7 11. Bxd7 Qxd7 12. Qb4 Rfd8 13. Re1 a5 14. Qh4
b5 15. Bh6 Bxh6 16. Qxh6 b4 17. Nd1 Rac8 18. c3 Nd5 19. Qg5 f6 20. Qg3 bxc3 21.
bxc3 e5 22. Ne3 Nxc3 23. Ng4 Kg7 24. h3 h5 25. Nxe5 fxe5 26. Qxe5+ Kh7 27. Qxa5
Rf8 28. Qg5 Rf7 29. a4 Rcf8 30. a5 Qd4 31. Qe3 Qg7 32. Rac1 Nd5 33. Qe4 Nf4 34.
Rc2 Ra7 35. Ra2 Qc7 36. Rea1 Rf6 37. Rc2 Qb7 38. Qxb7+ Rxb7 39. a6 Ra7 40. Rca2
Nd5 41. Ra4 Nc7 42. Rc4 Kh6 1/2-1/2

[Event "Czech open A"]
[Site "?"]
[Date "2013.07.22"]
[Round "4.71"]
[White "Bures, Jaroslav"]
[Black "Yefimov, Mstislav"]
[Result "1/2-1/2"]
[ECO "C41"]
[WhiteElo "2379"]
[BlackElo "2137"]
[PlyCount "103"]
[EventDate "2013.??.??"]
[TimeControl "6000+1570"]
[WhiteClock "0:18:10"]
[BlackClock "0:10:38"]

1. e4 e5 2. Nf3 d6 3. d4 exd4 4. Nxd4 Nf6 5. Nc3 Be7 6. g3 O-O 7. Bg2 c6 8. O-O
Bg4 9. f3 Bd7 10. Nde2 Be6 11. b3 d5 12. e5 Ne8 13. f4 g6 14. Nd4 Ng7 15. Bb2
Qc8 16. Nxe6 fxe6 17. g4 Qd8 18. Qd3 Bc5+ 19. Kh1 Qh4 20. Na4 Be7 21. h3 b5 22.
Nc3 Nd7 23. Ne2 Bc5 24. Bc3 Qe7 25. Qg3 Rf7 26. Nd4 Bxd4 27. Bxd4 c5 28. Bg1
Raf8 29. Bh2 Nb6 30. Qd3 c4 31. Qe3 Qc7 32. Bg3 Qd8 33. Rad1 Qc7 34. Bh4 Ne8
35. Bg5 Qc8 36. h4 Qc6 37. h5 gxh5 38. gxh5 Ng7 39. h6 Nf5 40. Qf3 Nd7 41. Bh3
Kh8 42. Rg1 Rg8 43. Rg2 Rg6 44. Rdg1 Rf8 45. Kh2 Nxh6 46. Bxh6 Rxh6 47. Qg4 Rg6
48. Qxg6 hxg6 49. Rxg6 Rf7 50. Rg8+ Kh7 51. R8g4 Kh8 52. Rg8+ 1/2-1/2

[Event "Czech open A"]
[Site "?"]
[Date "2013.07.22"]
[Round "4.72"]
[White "Sanders, Isaac"]
[Black "Klenburg, Mikhail"]
[Result "0-1"]
[ECO "B00"]
[WhiteElo "2210"]
[BlackElo "2368"]
[PlyCount "72"]
[EventDate "2013.??.??"]
[TimeControl "6000+1530"]
[WhiteClock "0:14:10"]
[BlackClock "1:02:09"]

1. e4 d6 2. Nc3 Nf6 3. f4 g6 4. Nf3 Bg7 5. g3 O-O 6. Bg2 c5 7. d3 Nc6 8. O-O
Rb8 9. a4 Bg4 10. h3 Bxf3 11. Qxf3 Nd7 12. Kh1 a6 13. g4 Nd4 14. Qf2 b5 15.
axb5 axb5 16. g5 e6 17. Nd1 f5 18. gxf6 Nxf6 19. Be3 Nh5 20. Ra7 Ne2 21. Re1
Nexf4 22. Qg1 Ng3+ 23. Kh2 Nfe2 24. Rxe2 Nxe2 25. Qe1 Nd4 26. Rxg7+ Kxg7 27.
Qg3 h6 28. Nf2 Nxc2 29. Bd2 Rxf2 30. Qxf2 Nd4 31. e5 dxe5 32. Be4 g5 33. b4
cxb4 34. Bxb4 Rc8 35. Qg3 Rc2+ 36. Bg2 Qf6 0-1

[Event "Czech open A"]
[Site "?"]
[Date "2013.07.22"]
[Round "4.81"]
[White "Tomazini, Aljosa"]
[Black "Barthel, Ansgar"]
[Result "1/2-1/2"]
[ECO "A48"]
[WhiteElo "2306"]
[BlackElo "2230"]
[PlyCount "55"]
[EventDate "2013.??.??"]
[TimeControl "6000+955"]
[WhiteClock "0:31:41"]
[BlackClock "0:37:12"]

1. d4 Nf6 2. Nf3 g6 3. c4 Bg7 4. Nc3 O-O 5. e4 d6 6. h3 e5 7. d5 a5 8. g4 Na6
9. Be3 Nd7 10. a3 Nac5 11. Nd2 Bf6 12. h4 Bxh4 13. Qf3 Bg5 14. Qh3 h6 15. Nb5
Na6 16. Bxg5 Qxg5 17. Qxh6 Qxh6 18. Rxh6 Kg7 19. Rh2 Nf6 20. f3 Bd7 21. Rc1 Rh8
22. Rxh8 Rxh8 23. Kf2 Ne8 24. b3 c6 25. Nc3 Rh2+ 26. Ke3 Kf6 27. Rb1 c5 28. Bd3
1/2-1/2

[Event "Czech open A"]
[Site "?"]
[Date "2013.07.22"]
[Round "4.82"]
[White "Kratochvil, Karel"]
[Black "Nadjezhdin, Dmitry"]
[Result "0-1"]
[ECO "A66"]
[WhiteElo "2195"]
[BlackElo "2300"]
[PlyCount "78"]
[EventDate "2013.??.??"]
[TimeControl "6000+2400"]
[WhiteClock "0:00:33"]
[BlackClock "0:13:22"]

1. d4 Nf6 2. c4 c5 3. d5 e6 4. Nc3 exd5 5. cxd5 d6 6. e4 g6 7. f4 Bg7 8. e5
Nfd7 9. Ne4 dxe5 10. Nd6+ Kf8 11. Nxc8 Qxc8 12. Nf3 e4 13. Ng5 Nf6 14. Be3 h6
15. Rc1 hxg5 16. Bxc5+ Kg8 17. fxg5 Ng4 18. Be2 Ne5 19. O-O Qd8 20. Qb3 b6 21.
Be3 Nbd7 22. d6 Nc5 23. Qd5 Rc8 24. b4 Ne6 25. Rxc8 Qxc8 26. Rc1 Qd8 27. Ba6
Kh7 28. h4 Re8 29. Bb5 Nd7 30. Qb7 Nef8 31. Rc7 Ne5 32. Bxe8 Qxe8 33. Qxe4 Qe6
34. Rxa7 Qxd6 35. g3 Qd1+ 36. Kg2 Qe2+ 37. Kh3 Ne6 38. Ra3 Nf3 39. Rb3 Qf1+ 0-1

[Event "Czech open A"]
[Site "?"]
[Date "2013.07.22"]
[Round "4.83"]
[White "Novotny, Michal"]
[Black "Wenninger, Philipp"]
[Result "0-1"]
[ECO "B19"]
[WhiteElo "2293"]
[BlackElo "2229"]
[PlyCount "104"]
[EventDate "2013.??.??"]
[TimeControl "5400+1095"]
[WhiteClock "0:13:02"]
[BlackClock "0:08:30"]

1. e4 c6 2. d4 d5 3. Nc3 dxe4 4. Nxe4 Bf5 5. Ng3 Bg6 6. h4 h6 7. Nf3 Nd7 8. h5
Bh7 9. Bd3 Bxd3 10. Qxd3 e6 11. Bd2 Ngf6 12. O-O-O Be7 13. Kb1 O-O 14. Nf1 c5
15. g4 Nxg4 16. Qe2 Qb6 17. Rg1 f5 18. Ne3 Ndf6 19. d5 Nxe3 20. Qxe3 Ng4 21.
Bc3 Bf6 22. Bxf6 Rxf6 23. Qc3 Qb4 24. Qxb4 cxb4 25. dxe6 Re8 26. Nh4 Rexe6 27.
Kc1 Nxf2 28. Rd8+ Rf8 29. Rxf8+ Kxf8 30. Rf1 Ne4 31. Rf4 Ng3 32. Rxb4 Nxh5 33.
Rxb7 f4 34. Rxa7 g5 35. Ra5 Ng7 36. Nf5 Rf6 37. Nxh6 Rxh6 38. Rxg5 Rf6 39. Kd2
Kf7 40. Ke2 Rb6 41. b3 Ne6 42. Rd5 Kf6 43. Kf3 Rb8 44. a4 Rg8 45. Kf2 Ng5 46.
Rd3 Ke5 47. a5 Rc8 48. c4 Ke4 49. Rc3 f3 50. c5 Kf4 51. Kf1 Ne4 52. Rc2 Rh8 0-1

[Event "Czech open A"]
[Site "?"]
[Date "2013.07.22"]
[Round "4.84"]
[White "Zatschek, Mark"]
[Black "Adamek, Jiri"]
[Result "1/2-1/2"]
[ECO "B43"]
[WhiteElo "2174"]
[BlackElo "2290"]
[PlyCount "106"]
[EventDate "2013.??.??"]
[TimeControl "6000+1530"]
[WhiteClock "0:08:49"]
[BlackClock "0:39:39"]

1. e4 c5 2. Nf3 e6 3. d4 cxd4 4. Nxd4 a6 5. Nc3 Qc7 6. Bd3 Nf6 7. O-O Nc6 8.
Nb3 b5 9. Be3 h5 10. Qd2 Ne5 11. f3 h4 12. Qf2 Nc4 13. Bxc4 bxc4 14. Bb6 Qb8
15. Nd2 Bd6 16. h3 Bh2+ 17. Kh1 Nh5 18. f4 Bg3 19. Qd4 Bxf4 20. Nxc4 f6 21.
Rxf4 Qxf4 22. Nd6+ Kf8 23. Qc5 Ng3+ 24. Kg1 Kg8 25. Nxc8 Rh5 26. Qd6 Qxd6 27.
Nxd6 Rb8 28. Na4 Re5 29. Re1 Kh7 30. b3 Kg6 31. Bd4 Ra5 32. Bc3 Rh5 33. b4 Ra8
34. Nc5 a5 35. a3 axb4 36. Bxb4 Rd8 37. a4 Ra8 38. a5 Rxa5 39. Nd3 Kh6 40. Bd2+
Kh7 41. Bxa5 Rxa5 42. Nc4 Ra2 43. Ncb2 Ra3 44. c4 Rc3 45. Kf2 Rc2+ 46. Kf3 g5
47. c5 Kg6 48. Ra1 Kh5 49. Ra7 Nf1 50. Rxd7 e5 51. Rh7+ Kg6 52. Rb7 Nh2+ 53.
Ke3 Nf1+ 1/2-1/2

[Event "Czech open A"]
[Site "?"]
[Date "2013.07.22"]
[Round "4.85"]
[White "Meissner, Felix"]
[Black "Jeitz, Christian"]
[Result "1-0"]
[ECO "B46"]
[WhiteElo "2285"]
[BlackElo "2222"]
[PlyCount "59"]
[EventDate "2013.??.??"]
[TimeControl "6000+760"]
[WhiteClock "0:09:09"]
[BlackClock "0:00:38"]

1. e4 c5 2. Nf3 Nc6 3. d4 cxd4 4. Nxd4 e6 5. Nc3 a6 6. Be3 Nf6 7. f4 Bb4 8. Bd3
d5 9. e5 Nd7 10. Qd2 Nc5 11. a3 Qa5 12. O-O Bxc3 13. bxc3 Nxd4 14. Bxd4 Bd7 15.
Qe3 Na4 16. Rab1 Qc7 17. Rb3 b5 18. f5 Rc8 19. Qg5 Nc5 20. Qxg7 Rf8 21. Rbb1
exf5 22. e6 fxe6 23. Be2 Qd6 24. Bf6 Rf7 25. Bh5 Qf8 26. Qxh7 Ne4 27. Bg7 Qc5+
28. Kh1 Ng5 29. Qh6 Qe7 30. Qh8+ 1-0

[Event "Czech open A"]
[Site "?"]
[Date "2013.07.22"]
[Round "4.86"]
[White "Heimrath, Reiner"]
[Black "Travkina, Anastasia"]
[Result "1-0"]
[ECO "D04"]
[WhiteElo "2280"]
[BlackElo "2216"]
[PlyCount "151"]
[EventDate "2013.??.??"]
[TimeControl "6000+1700"]
[WhiteClock "0:05:04"]
[BlackClock "0:07:19"]

1. d4 Nf6 2. Nf3 d5 3. e3 c6 4. Bd3 Bg4 5. Nbd2 e6 6. c3 Nbd7 7. Qc2 Bd6 8. a3
Bh5 9. c4 Bg6 10. b4 dxc4 11. Nxc4 Bc7 12. e4 Nb6 13. Bg5 Bh5 14. Ncd2 h6 15.
Be3 Rc8 16. h3 g5 17. a4 Nbd7 18. a5 a6 19. Qc4 Qe7 20. Rb1 Bg6 21. Rb3 Nh5 22.
e5 Nf4 23. Bxf4 gxf4 24. Bxg6 fxg6 25. Qd3 Kf7 26. Qe4 g5 27. h4 Kg7 28. g4 Bd8
29. Ke2 Qf7 30. hxg5 hxg5 31. Rxh8 Kxh8 32. Rb1 Qh7 33. Qxh7+ Kxh7 34. Ne4 Kg6
35. Kd3 Be7 36. Nc5 Nxc5+ 37. bxc5 Rc7 38. Nd2 Rd7 39. Ne4 Bd8 40. Ra1 Rh7 41.
Nd6 Bc7 42. Ke2 Bd8 43. Nc4 Rh3 44. Rb1 Rc3 45. Rb4 Rc2+ 46. Kf3 Rc3+ 47. Ke4
Rc2 48. Kf3 Rc3+ 49. Ke2 Rc2+ 50. Ke1 Kh6 51. f3 Rc3 52. Ke2 Rc2+ 53. Kd3 Rf2
54. Rxb7 Rxf3+ 55. Kc2 Rf2+ 56. Kb3 Rf3+ 57. Kb4 Rf1 58. Rd7 f3 59. Rxd8 f2 60.
Ne3 Re1 61. Rf8 Rxe3 62. Rxf2 Re4 63. Rf6+ Kg7 64. Kc4 Rxg4 65. Rxe6 Rg1 66.
Rxc6 g4 67. Rb6 g3 68. Kd5 g2 69. Rb2 Kf7 70. c6 Ke7 71. Rb7+ Kf8 72. Rb2 Ke7
73. Rf2 Ke8 74. Ke6 Kd8 75. d5 Kc7 76. Rf7+ 1-0

[Event "Czech open A"]
[Site "?"]
[Date "2013.07.22"]
[Round "4.87"]
[White "Braeuer, Franz"]
[Black "Drnovsek, Gal"]
[Result "1-0"]
[ECO "B52"]
[WhiteElo "2275"]
[BlackElo "2203"]
[PlyCount "133"]
[EventDate "2013.??.??"]
[TimeControl "6000+1150"]
[WhiteClock "0:14:04"]
[BlackClock "0:27:32"]

1. e4 c5 2. Nf3 d6 3. Bb5+ Bd7 4. Bxd7+ Qxd7 5. O-O Nc6 6. b3 Nf6 7. Re1 e5 8.
a4 g6 9. Na3 Bg7 10. Nc4 O-O 11. Bb2 Rfe8 12. d3 Nh5 13. Ne3 Nf4 14. Nd2 Ne6
15. Ndc4 Nc7 16. Qg4 Qxg4 17. Nxg4 Rad8 18. Nge3 f5 19. exf5 d5 20. Na3 d4 21.
f6 Bxf6 22. Nec4 Nd5 23. Nd2 b6 24. Ne4 Bg7 25. Bc1 Na5 26. Bg5 Rd7 27. Bd2 Nb7
28. a5 Nd6 29. Nxd6 Rxd6 30. axb6 axb6 31. Nb5 Rdd8 32. Ra6 Ra8 33. Rea1 Rxa6
34. Rxa6 Nb4 35. Bxb4 cxb4 36. Nc7 Rc8 37. Ra8 Rxa8 38. Nxa8 Kf7 39. Nxb6 Ke6
40. Kf1 Bf8 41. Ke2 Kf5 42. Nc4 h5 43. Nd2 Kf4 44. h3 g5 45. g3+ Kf5 46. Kf3
Be7 47. Nf1 Bd8 48. Nh2 Be7 49. g4+ hxg4+ 50. Nxg4 Bd6 51. Nh2 Be7 52. Nf1 Bd8
53. Ng3+ Kf6 54. Kg4 Kg6 55. Ne2 Be7 56. Ng1 Bd8 57. Nf3 Bf6 58. h4 gxh4 59.
Nxh4+ Kf7 60. Ng2 Ke6 61. f4 exf4 62. Kxf4 Kd5 63. Kf5 Bh8 64. Nf4+ Kd6 65. Ke4
Bg7 66. Nd5 Kc5 67. Nc7 1-0

[Event "Czech open A"]
[Site "?"]
[Date "2013.07.22"]
[Round "4.88"]
[White "Tennert, Simon"]
[Black "Lorscheid, Gerhard"]
[Result "0-1"]
[ECO "C41"]
[WhiteElo "2147"]
[BlackElo "2273"]
[PlyCount "110"]
[EventDate "2013.??.??"]
[TimeControl "6000+1920"]
[WhiteClock "0:00:32"]
[BlackClock "0:20:43"]

1. e4 e5 2. Nf3 d6 3. d4 exd4 4. Nxd4 Nf6 5. Nc3 Be7 6. Be2 O-O 7. O-O Re8 8.
f4 Bf8 9. Bf3 c5 10. Nb3 Nc6 11. Kh1 a5 12. a4 Nb4 13. g4 Be6 14. Nd5 Nbxd5 15.
exd5 Bd7 16. Nd2 h6 17. Ra3 Nh7 18. Nc4 b5 19. Ne3 b4 20. Ra1 Bc8 21. Nc4 Ba6
22. b3 Qh4 23. Qd3 Re1 24. Bd2 Rxa1 25. Rxa1 Re8 26. Rg1 Nf6 27. Rg3 Nd7 28.
Qf5 Bc8 29. Qd3 Nf6 30. Ne3 Nd7 31. Nf5 Qf6 32. g5 hxg5 33. fxg5 Qa1+ 34. Rg1
Qb2 35. g6 Nf6 36. Nh6+ gxh6 37. gxf7+ Kxf7 38. Bh5+ Ke7 39. Re1+ Kd8 40. Bxe8
Nxe8 41. Qe2 Bd7 42. Bf4 Qd4 43. Qf3 Nc7 44. Bg5+ hxg5 45. Qxf8+ Ne8 46. Qf7
Qd2 47. Re7 Qd1+ 48. Kg2 Qxc2+ 49. Kg3 Qxb3+ 50. Kf2 Qh3 51. Qf8 Qf5+ 52. Qxf5
Bxf5 53. Ra7 Nc7 54. Ke1 Kc8 55. Rxa5 Kb7 0-1

[Event "Czech open A"]
[Site "?"]
[Date "2013.07.22"]
[Round "4.89"]
[White "Le Ruyet, Leopold"]
[Black "Becker, Matthias"]
[Result "1-0"]
[ECO "C15"]
[WhiteElo "2273"]
[BlackElo "2165"]
[PlyCount "106"]
[EventDate "2013.??.??"]
[TimeControl "6000+845"]
[WhiteClock "0:23:33"]
[BlackClock "0:20:53"]

1. e4 e6 2. d4 d5 3. Nc3 Bb4 4. exd5 exd5 5. Bd3 Nf6 6. Nge2 O-O 7. O-O Re8 8.
Bg5 c6 9. Ng3 h6 10. Bf4 Nbd7 11. Qf3 Nf8 12. Be5 Be7 13. Nce2 Bg4 14. Qf4 Bxe2
15. Nxe2 Ng6 16. Qf5 Qc8 17. Qxc8 Raxc8 18. Bf5 Ra8 19. Bxg6 fxg6 20. Nf4 Kf7
21. Rfe1 Nd7 22. Nd3 Bf6 23. f4 b6 24. b4 a5 25. a4 axb4 26. Nxb4 Rec8 27. c3
Nxe5 28. fxe5 Bg5 29. Re2 Ke6 30. Nd3 h5 31. Rb2 Ra6 32. Rab1 Rxa4 33. Rxb6
Be3+ 34. Kh1 Rc4 35. Nc5+ Kf5 36. Rf1+ Kg5 37. Rb3 Bd2 38. e6 Bxc3 39. e7 Bxd4
40. Ne6+ Kh6 41. Nd8 Bf6 42. e8=Q Rxd8 43. Qe3+ Bg5 44. Qd3 Re8 45. Qb1 c5 46.
Rb8 Rxb8 47. Qxb8 Bf6 48. g3 d4 49. h4 Kh7 50. Ra1 Rb4 51. Qf8 d3 52. Rd1 Bxh4
53. Qxc5 Rg4 1-0

[Event "Czech open A"]
[Site "?"]
[Date "2013.07.22"]
[Round "4.90"]
[White "Sochacki, Wojtek"]
[Black "Motycakova, Monika"]
[Result "1-0"]
[ECO "C45"]
[WhiteElo "2264"]
[BlackElo "2135"]
[PlyCount "149"]
[EventDate "2013.??.??"]
[TimeControl "6000+1165"]
[WhiteClock "0:20:18"]
[BlackClock "0:01:24"]

1. e4 e5 2. Nf3 Nc6 3. d4 exd4 4. Nxd4 Bc5 5. Nxc6 Qf6 6. Qf3 bxc6 7. Be2 d6 8.
Nd2 Qxf3 9. gxf3 Ne7 10. Nb3 Bb6 11. c4 Be6 12. Be3 Bxe3 13. fxe3 c5 14. Kd2 f6
15. h4 Rb8 16. Kc3 Nc6 17. f4 Kf7 18. Bh5+ Ke7 19. Bf3 Rb4 20. Nd2 Bd7 21. Rhg1
Kf7 22. Rg2 Ne7 23. Rag1 g6 24. h5 a5 25. Rh1 Rbb8 26. e5 f5 27. Bd5+ Be6 28.
Bxe6+ Kxe6 29. Nf3 Kd7 30. Rgh2 Rhe8 31. hxg6 hxg6 32. Rh7 a4 33. R1h6 Rg8 34.
Nh4 Ke6 35. Nf3 Kd7 36. Rf7 Rbf8 37. Ng5 dxe5 38. fxe5 Rxf7 39. e6+ Kd6 40.
exf7 Rf8 41. Rh2 Nc8 42. Rd2+ Ke7 43. Rd5 Nd6 44. Rxc5 Rc8 45. Rc6 Nxf7 46.
Re6+ Kd7 47. Rxg6 Nxg5 48. Rxg5 Re8 49. Kd4 Rb8 50. b3 axb3 51. axb3 Rxb3 52.
Rxf5 Rb1 53. Rh5 Rd1+ 54. Kc5 Rg1 55. Rh7+ Kc8 56. e4 Rg5+ 57. Kc6 Rg6+ 58. Kd5
Kd8 59. e5 c6+ 60. Kc5 Re6 61. Ra7 Kc8 62. Kd4 Rh6 63. Rf7 Kd8 64. Rf6 Rh4+ 65.
Kc5 Re4 66. Rd6+ Ke7 67. Rxc6 Rxe5+ 68. Kb6 Kd8 69. Rg6 Re8 70. c5 Kc8 71. c6
Rh8 72. Rg7 Kb8 73. Rb7+ Ka8 74. Ra7+ Kb8 75. c7+ 1-0

[Event "Czech open A"]
[Site "?"]
[Date "2013.07.22"]
[Round "4.91"]
[White "Kearns, Christopher"]
[Black "Kokol, Peter"]
[Result "1-0"]
[ECO "B67"]
[WhiteElo "2129"]
[BlackElo "2260"]
[PlyCount "105"]
[EventDate "2013.??.??"]
[TimeControl "6000+1085"]
[WhiteClock "0:36:51"]
[BlackClock "0:29:36"]

1. e4 c5 2. Nf3 Nc6 3. d4 cxd4 4. Nxd4 Nf6 5. Nc3 d6 6. Bg5 e6 7. Qd2 a6 8.
O-O-O Bd7 9. f4 b5 10. Bxf6 gxf6 11. Kb1 Qb6 12. Nxc6 Bxc6 13. f5 b4 14. Ne2 e5
15. Ng3 h5 16. Be2 h4 17. Nh5 Be7 18. Bf3 Rc8 19. g4 Qc5 20. Rc1 Ba4 21. c3 b3
22. a3 Bb5 23. Rcd1 Rc6 24. Qe1 Kd8 25. Rd5 Qb6 26. Rd2 Kc7 27. Qxh4 Kb7 28.
Qf2 Qa5 29. Rd5 Qa4 30. Qe3 Bd8 31. Rhd1 Bb6 32. Qd2 Bc5 33. Nxf6 Bc4 34. g5
Bxd5 35. Nxd5 Ka7 36. g6 fxg6 37. fxg6 Rcc8 38. Ne7 Qd7 39. Nxc8+ Qxc8 40. Qd5
Qb7 41. Qxb7+ Kxb7 42. h4 Kc7 43. Bg4 Be3 44. Be6 Bh6 45. Bxb3 Rf8 46. Rg1 Bg7
47. h5 Rh8 48. Rf1 Rf8 49. Bf7 Kd7 50. b4 Kc6 51. Kb2 Kb6 52. Kb3 Bh6 53. Rg1
1-0

[Event "Czech open A"]
[Site "?"]
[Date "2013.07.22"]
[Round "4.92"]
[White "Kulon, Klaudia"]
[Black "Grigorian, Spartak"]
[Result "0-1"]
[ECO "A20"]
[WhiteElo "2258"]
[BlackElo "2131"]
[PlyCount "92"]
[EventDate "2013.??.??"]
[TimeControl "6000+790"]
[WhiteClock "0:41:05"]
[BlackClock "0:37:49"]

1. c4 e5 2. g3 Nf6 3. Bg2 c6 4. Nc3 Bb4 5. e4 Bxc3 6. dxc3 d6 7. Qe2 O-O 8. Nf3
Qe7 9. O-O Be6 10. b3 a5 11. Ba3 a4 12. Rfd1 Rd8 13. Nxe5 axb3 14. axb3 Rxa3
15. Rxa3 dxe5 16. Rxd8+ Qxd8 17. Ra8 g6 18. h3 Kg7 19. Kh2 Qc7 20. b4 c5 21.
Bf1 Nbd7 22. Ra5 b6 23. Ra1 Ne8 24. Rd1 Nd6 25. f3 Nb8 26. Qd2 Nb7 27. Qb2 Nd7
28. Qd2 Nf6 29. Rc1 Ne8 30. Qa2 Ned6 31. Qa6 f5 32. exf5 Nxf5 33. Bg2 Nbd6 34.
Qa8 Bf7 35. Ra1 cxb4 36. cxb4 Nxc4 37. Ra7 Qd6 38. Qb7 Qf6 39. Qc8 Ncd6 40. Qb8
Qg5 41. g4 Qf4+ 42. Kg1 Qd4+ 43. Kh2 Nh4 44. Ra8 Ne8 45. Qb7 Qf2 46. f4 Nxg2
0-1

[Event "Czech open A"]
[Site "?"]
[Date "2013.07.23"]
[Round "5.45"]
[White "Battey, Alexander"]
[Black "Belyakov, Bogdan"]
[Result "1/2-1/2"]
[ECO "E66"]
[WhiteElo "2304"]
[BlackElo "2430"]
[PlyCount "43"]
[EventDate "2013.??.??"]
[TimeControl "6000+1220"]
[WhiteClock "0:31:22"]
[BlackClock "0:50:49"]

1. d4 Nf6 2. c4 g6 3. Nc3 Bg7 4. g3 O-O 5. Bg2 d6 6. Nf3 c5 7. O-O Nc6 8. d5
Na5 9. Nd2 a6 10. Qc2 Rb8 11. a4 e5 12. b3 Bf5 13. e4 Bd7 14. Ne2 b6 15. Bb2
Qc8 16. Rae1 Bh3 17. f4 Bxg2 18. Kxg2 Nd7 19. Bc3 Qd8 20. Ra1 Qe7 21. Rae1 Qd8
22. Ra1 1/2-1/2

[Event "Czech open A"]
[Site "?"]
[Date "2013.07.23"]
[Round "5.46"]
[White "Pechac, Jergus"]
[Black "Plischki, Sebastian"]
[Result "0-1"]
[ECO "B00"]
[WhiteElo "2182"]
[BlackElo "2413"]
[PlyCount "72"]
[EventDate "2013.??.??"]
[TimeControl "6000+740"]
[WhiteClock "0:57:17"]
[BlackClock "0:10:18"]

1. e4 d6 2. c4 c5 3. Nc3 Nc6 4. Nge2 g6 5. d4 cxd4 6. Nxd4 Nf6 7. Be3 Ng4 8.
Nc2 Nxe3 9. Nxe3 Bg7 10. Qd2 O-O 11. Be2 Be6 12. O-O Qa5 13. Rac1 Rfc8 14. Rfd1
Rab8 15. b3 a6 16. Ncd5 Qxd2 17. Rxd2 Bxd5 18. Rxd5 Nb4 19. Ra5 Bh6 20. Rc3 b6
21. Ra4 Bxe3 22. Rxe3 a5 23. a3 Nc6 24. b4 Ra8 25. g3 Kf8 26. Rc3 e5 27. bxa5
bxa5 28. Bg4 Nd4 29. Kg2 Rc5 30. f4 Rb8 31. Rd3 Rb2+ 32. Kh3 Ke7 33. fxe5 dxe5
34. Bd1 f6 35. g4 Ne6 36. Rb3 Ng5+ 0-1

[Event "Czech open A"]
[Site "?"]
[Date "2013.07.23"]
[Round "5.47"]
[White "Kutynec, Vladimir"]
[Black "Nabaty, Tamir"]
[Result "0-1"]
[ECO "A09"]
[WhiteElo "2300"]
[BlackElo "2586"]
[PlyCount "42"]
[EventDate "2013.??.??"]
[TimeControl "6000+1290"]
[WhiteClock "0:27:11"]
[BlackClock "1:03:07"]

1. Nf3 d5 2. c4 dxc4 3. e3 Be6 4. Nc3 Nf6 5. Nd4 Bg4 6. Nf3 e6 7. Bxc4 a6 8. a4
Bb4 9. h3 Bh5 10. Qb3 Bxf3 11. gxf3 c5 12. d4 Nc6 13. dxc5 Nd7 14. Bd2 Nxc5 15.
Qc2 Qh4 16. f4 O-O-O 17. Kf1 g5 18. Be1 gxf4 19. Bb5 axb5 20. axb5 f3 21. bxc6
Qc4+ 0-1